Map: Coda EC

Players

AgCl - Winner!

  • Race: Protoss Protoss
  • League: Grandmaster

Infinity

  • Race: Zerg Zerg
  • League: Grandmaster

VOD

Have the link to the VOD?

Description

Time

  • Played on: July 2, 2015, 7:07 p.m.
  • Length: 13:12
Show
View Real Time Build Order
Export as new Build Order

AgCl Protoss - Winner!

Build Orders: Oracle Opening 

Get SALT Encoding   

  12  0:15  Probe  
  13  0:21  Pylon  
  13  0:29  Probe  
  14  0:41  Probe  
  15  0:49  Gateway  
  15  0:51  Assimilator  
  15  0:53  Probe  
  16  1:05  Probe (Chrono Boost)  
  17  1:11  Pylon  
  17  1:17  Probe (Chrono Boost)  
  19  1:27  Probe (Chrono Boost)  
  19  1:35  Probe  
  19  1:38  Zealot (Chrono Boost)  
  23  1:47  Probe (Chrono Boost)  
  23  1:49  Cybernetics Core  
  23  1:58  Assimilator  
  23  1:59  Probe (Chrono Boost)  
  24  2:06  Probe (Chrono Boost)  
  25  2:16  Probe  
  26  2:28  Probe (Chrono Boost)  
  27  2:38  Mothership Core (Chrono Boost)  
  27  2:39  Warp Gate (Chrono Boost)  
  27  2:42  Adept (Chrono Boost)  
  29  2:44  Nexus  
  29  2:54  Probe  
  30  3:09  Stargate  
  30  3:28  Gateway  
  30  3:31  Pylon  
  30  3:45  Gateway  
  30  3:49  Probe (Chrono Boost)  
  30  3:53  Pylon, Oracle (Chrono Boost)  
  34  4:01  Probe (Chrono Boost)  
  34  4:02  Probe (Chrono Boost)  
  36  4:10  Probe  
  36  4:13  Probe  
  38  4:22  Probe  
  37  4:26  Gateway  
  37  4:28  Probe  
  37  4:30  Assimilator  
  38  4:34  Probe  
  38  4:37  Protoss Air Weapons Level 1 (Chrono Boost)  
  39  4:40  Probe  
  40  4:46  Probe  
  40  4:52  Probe  
  42  4:58  Probe  
  43  5:02  Fleet Beacon  
  43  5:05  Probe  
  44  5:10  Probe  
  45  5:17  Probe  
  45  5:20  Adept  
  45  5:21  Adept  
  50  5:26  Probe  
  51  5:29  Probe  
  51  5:30  Carrier (Chrono Boost)  
  51  5:34  Assimilator  
  52  5:36  Pylon  
  52  5:38  Probe  
  52  5:41  Probe  
  54  5:54  Probe  
  61  5:58  Probe  
  62  6:04  Nexus  
  62  6:06  Probe, Graviton Catapult (Chrono Boost)  
  62  6:10  Probe  
  64  6:18  Probe  
  64  6:22  Probe  
  64  6:23  Stargate  
  66  6:26  Pylon  
  66  6:28  Carrier (Chrono Boost)  
  66  6:30  Probe  
  67  6:34  Probe  
  68  6:44  Probe  
  68  6:45  Forge  
  68  6:46  Probe, Pylon  
  76  6:54  Carrier (Chrono Boost)  
  76  6:59  Assimilator  
  76  7:03  Pylon  
  82  7:11  Probe (Chrono Boost)  
  82  7:12  Probe (Chrono Boost)  
  84  7:19  Carrier (Chrono Boost)  
  84  7:21  Probe x2 (Chrono Boost)  
  86  7:27  Probe  
  86  7:28  Adept x3  
  86  7:29  Adept  
  98  7:44  Carrier (Chrono Boost)  
  98  7:51  Pylon  
  98  8:07  Pylon  
  98  8:09  Carrier (Chrono Boost)  
  90  8:20  Photon Cannon  
  90  8:23  Pylon  
  96  8:27  Protoss Ground Weapons Level 1 (Chrono Boost)  
  96  8:28  Pylon, Photon Cannon  
  96  8:31  Gateway  
  96  8:32  Carrier (Chrono Boost)  
  90  8:42  Adept x2  
  88  8:49  Assimilator  
  90  9:05  Adept x2  
  90  9:29  Gateway  
  91  9:33  Probe (Chrono Boost)  
  92  9:39  Probe (Chrono Boost)  
  92  9:44  Adept  
  92  9:45  Adept x3  
  94  9:49  Carrier (Chrono Boost)  
  94  9:50  Carrier (Chrono Boost)  
  93  10:00  Photon Cannon  
  93  10:02  Mothership Core (Chrono Boost)  
  93  10:03  Probe (Chrono Boost)  
  93  10:04  Pylon  
  87  10:08  Protoss Air Weapons Level 2  
  87  10:10  Probe (Chrono Boost)  
  87  10:14  Probe (Chrono Boost)  
  96  10:17  Probe (Chrono Boost)  
  96  10:21  Protoss Shields Level 1 (Chrono Boost)  
  97  10:28  Probe  
  94  10:44  Pylon  
  94  10:54  Carrier (Chrono Boost)  
  94  10:55  Carrier (Chrono Boost)  
  94  11:13  Probe  
  94  11:14  Probe  
  108  11:25  Gateway  
  108  11:27  Pylon  
  108  11:33  Twilight Council  
  108  11:41  Adept  
  108  11:46  Adept x2  
  114  11:47  Adept  
  114  11:51  Carrier (Chrono Boost)  
  114  11:52  Probe (Chrono Boost)  
  114  11:53  Probe (Chrono Boost)  
  116  11:57  Probe (Chrono Boost)  
  117  12:03  Probe (Chrono Boost)  
  115  12:10  Photon Cannon  
  115  12:14  Templar Archives  
  121  12:17  Pylon  
  119  12:46  Pylon  
Show
View Real Time Build Order
Export as new Build Order

Infinity Zerg 

Build Orders: Pool First 

Get SALT Encoding   

  12  0:01  Drone  
  13  0:14  Overlord  
  13  0:19  Drone  
  14  0:34  Drone  
  14  0:35  Drone  
  16  0:38  Drone  
  17  0:50  Spawning Pool  
  16  0:57  Drone  
  17  1:20  Hatchery  
  16  1:30  Overlord  
  16  1:37  Zergling x4  
  16  1:38  Queen  
  20  1:43  Zergling x2  
  21  1:54  Drone  
  21  1:56  Extractor  
  21  2:09  Drone  
  21  2:13  Queen, Extractor  
  22  2:32  Drone x2  
  22  2:34  Queen  
  22  2:35  Drone  
  22  2:36  Drone  
  28  2:49  Drone x2  
  28  3:13  Drone x7  
  28  3:14  Overlord  
  28  3:19  Roach Warren  
  34  3:21  Lair  
  34  3:34  Drone  
  34  3:35  Drone  
  34  3:38  Drone x3  
  39  3:46  Drone  
  39  3:47  Drone x3  
  43  3:53  Evolution Chamber  
  42  4:03  Evolution Chamber, Drone  
  42  4:04  Drone x2  
  44  4:14  Overlord x3  
  43  4:38  Drone  
  43  4:39  Drone, Hydralisk Den  
  43  4:40  Spore Crawler  
  43  4:44  Overlord  
  43  4:46  Extractor  
  43  4:47  Extractor  
  41  5:01  Hatchery  
  40  5:07  Zerg Missile Weapons Level 1  
  40  5:08  Zerg Ground Armor Level 1  
  40  5:13  Drone x3  
  43  5:14  Drone  
  43  5:15  Drone x2  
  43  5:16  Drone x3  
  43  5:17  Drone, Queen  
  52  5:24  Drone  
  52  5:25  Muscular Augments  
  52  5:28  Overlord  
  53  5:34  Hydralisk  
  55  5:41  Spore Crawler, Overseer  
  54  5:47  Glial Reconstitution  
  54  5:49  Overlord  
  54  5:50  Roach x3  
  60  5:59  Drone  
  60  6:01  Hatchery, Metabolic Boost  
  60  6:04  Drone  
  61  6:11  Hydralisk  
  61  6:12  Hydralisk, Roach  
  67  6:19  Queen  
  69  6:30  Hydralisk x4  
  77  6:36  Lurker Den  
  77  6:52  Overlord, Infestation Pit  
  76  6:54  Drone x5  
  76  6:55  Drone x2  
  83  7:05  Overlord x3  
  83  7:15  Hydralisk  
  83  7:16  Hydralisk  
  87  7:27  Hydralisk x2  
  87  7:28  Hydralisk, Roach x2  
  97  7:35  Drone x2  
  97  7:36  Drone x6  
  105  7:38  Pneumatized Carapace  
  101  7:50  Hydralisk x3  
  101  7:51  Roach x2  
  101  7:53  Hydralisk  
  101  8:08  Hydralisk  
  101  8:09  Hydralisk x3  
  103  8:26  Spore Crawler, Extractor  
  99  8:27  Hydralisk x3, Extractor  
  99  8:28  Hydralisk  
  104  8:43  Overlord x4  
  104  8:49  Overlord  
  104  8:50  Overlord x3  
  94  8:55  Drone  
  94  8:56  Drone  
  94  8:57  Drone x3  
  94  8:58  Drone  
  94  8:59  Drone x2  
  96  9:11  Hydralisk x2, Roach x5  
  96  9:14  Overlord  
  96  9:15  Hatchery  
  107  9:23  Overlord x2  
  107  9:26  Zerg Missile Weapons Level 2  
  107  9:35  Hydralisk x2, Roach x3  
  107  9:46  Hydralisk x2  
  107  9:47  Hydralisk x3  
  105  10:01  Hydralisk x5  
  105  10:04  Drone x2  
  101  10:16  Zerg Ground Armor Level 2  
  95  10:23  Hydralisk x4  
  101  10:35  Hydralisk x5  
  103  10:38  Hydralisk  
  107  10:46  Queen  
  107  10:48  Spore Crawler  
  95  11:02  Zergling x20  
  95  11:03  Zergling x6  
  98  11:04  Zergling x2  
  92  11:14  Spore Crawler  
  92  11:15  Spore Crawler  
  80  11:19  Hydralisk x3  
  78  11:37  Drone  
  78  11:38  Drone, Hydralisk  
  78  11:39  Hydralisk x2  
  80  11:42  Drone  
  80  11:43  Drone  
  77  12:00  Hydralisk x2  
  77  12:01  Hydralisk x2  
  81  12:14  Hydralisk x3  
  86  12:15  Hydralisk  
  88  12:23  Drone x2  
  88  12:24  Drone  
Tags
 
Add a new tag
Caveats
  • Supply blocks, unpowered buildings, or Contaminate may cause inaccurate times.
  • Supply counts are checked every 10 seconds.